 Dungeon Crawl Stone Soup version 0.19.0-2-gae57169 (webtiles) character file.

15031 Ijustatesigmund the Fighter (level 11, -4/105 HPs)
             Began as a Minotaur Fighter on Nov 4, 2016.
             Was an Initiate of Cheibriados.
             Killed from afar by Frances (26 damage)
             ... with an iron shot
             ... on level 12 of the Dungeon.
             The game lasted 00:30:47 (12411 turns).

Ijustatesigmund the Fighter (Minotaur Fighter)     Turns: 12411, Time: 00:30:47

Health: -4/105     AC: 20    Str: 24    XL:     11   Next: 96%
Magic:  10/10      EV: 11    Int: 13    God:    Cheibriados [......]
Gold:   121        SH:  9    Dex: 13    Spells: 1 memorised, 8 levels left

rFire  + . .     SeeInvis +     a - +5 war axe
rCold  + . .     Gourm    .     A - +6 chain mail of the Wasteland {rCorr Int+7 Dex-2}
rNeg   . . .     Faith    .     o - +3 warlock's mirror {reflect}
rPois  .         Spirit   .     (helmet restricted)
rElec  .         Reflect  +     (no cloak)
rCorr  +         Harm     .     s - +2 pair of gloves
MR     .....                    (no boots)
Stlth  ..........               q - amulet of rage
                                x - ring of Orghiw {rF+ rC+ SInv}
                                y - +3 ring of strength

@: about to teleport, very slow
A: retaliatory headbutt, horns 2
a: Bend Time, Renounce Religion, Evoke Berserk Rage


You were on level 12 of the Dungeon.
You worshipped Cheibriados.
Cheibriados was noncommittal.
You were not hungry.

You visited 3 branches of the dungeon, and saw 14 of its levels.

You collected 1004 gold pieces.
You spent 883 gold pieces at shops.

Inventory:

Hand Weapons
 a - a +5 war axe (weapon)
Missiles
 r - 5 silver javelins (quivered)
Armour
 o - the +3 warlock's mirror (worn) {reflect}
   (You bought it in a shop on level 7 of the Dungeon)
 s - a +2 pair of gloves (worn)
 A - the +6 chain mail of the Wasteland (worn) {rCorr Int+7 Dex-2}
   (You found it on level 8 of the Dungeon)

   It affects your intelligence (+7).
   It affects your dexterity (-2).
   It protects you from acid and corrosion.
Jewellery
 q - an amulet of rage (around neck)
 x - the ring of Orghiw (right hand) {rF+ rC+ SInv}
   (You found it on level 7 of the Dungeon)

   [ring of protection from cold]

   It protects you from fire.
   It protects you from cold.
   It lets you see invisible.
 y - a +3 ring of strength (left hand)
Wands
 h - a wand of lightning (7/15)
 l - a wand of lightning (9/15)
 n - a wand of teleportation (5/9)
 t - a wand of teleportation (2/9)
 u - a wand of iceblast (8/15)
 B - a wand of polymorph (16/24)
Scrolls
 i - 4 scrolls of remove curse
 p - a scroll of immolation
 v - 2 scrolls of identify
 w - a scroll of magic mapping
 z - 2 scrolls of amnesia
Potions
 b - a potion of agility
 c - a potion of cancellation
 e - 3 potions of brilliance
 j - a potion of might
 m - 3 potions of curing
 E - a potion of cure mutation
 F - a potion of flight
 H - a potion of heal wounds
Books
 g - a book of Transfigurations

   Spells                             Type                      Level
   a - Irradiate                      Conjuration/Transmutation    5
   b - Statue Form                    Transmutation/Earth          6
   c - Hydra Form                     Transmutation                6
   d - Dragon Form                    Transmutation                7
 C - a book of Air

   Spells                             Type                      Level
   a - Shock                          Conjuration/Air              1
   b - Swiftness                      Charms/Air                   2
   c - Repel Missiles                 Charms/Air                   2
   d - Static Discharge               Conjuration/Air              3
   e - Lightning Bolt                 Conjuration/Air              5
 D - a book of Misfortune

   Spells                             Type                      Level
   a - Confusing Touch                Hexes                        1
   b - Confuse                        Hexes                        3
   c - Gell's Gravitas                Hexes/Translocation          3
   d - Petrify                        Transmutation/Earth          4
   e - Metabolic Englaciation         Hexes/Ice                    5
   f - Yara's Violent Unravelling     Hexes/Transmutation          5
Comestibles
 f - 9 bread rations
 k - 7 meat rations


   Skills:
 - Level 12.7 Fighting
 - Level 12.5 Axes
 - Level 9.6 Armour
 - Level 5.7 Dodging
 - Level 10.0 Shields
 + Level 1.8 Charms
 + Level 2.0 Air Magic


You had 8 spell levels left.
You knew the following spells:

 Your Spells              Type           Power        Failure   Level  Hunger
a - Repel Missiles        Chrm/Air       #.....       96%         2    ###....


Dungeon Overview and Level Annotations

Branches:
Dungeon (12/15)            Temple (1/1) D:4            Lair (0/6) D:10
    Orc (1/2) D:10

Altars:
Ashenzari
Cheibriados
Dithmenos
Elyvilon
Fedhas
Gozag
Hepliaklqana
Kikubaaqudgha
Makhleb
Nemelex Xobeh
Qazlal
Ru
Sif Muna
Trog
Uskayaw
Vehumet
Xom
Yredelemnul
Zin
The Shining One
Jiyva

Shops:
D:2 *   D:7 [

Annotations:
D:12 Frances


Innate Abilities, Weirdness & Mutations

You reflexively headbutt those who attack you in melee.
You have a pair of horns on your head.


Message History

The orc warrior hits you from afar with a trident of piercing.
Frances chants phrases taken from a devil's mouth.
The orc hits you but does no damage.
The orc priest mumbles some strange prayers to Beogh against you.
Beogh smites you!
Found 19 sling bullets.
Frances hits you but does no damage.
The orc priest looks braver for a moment.
Frances hits you from afar with a trident!
Evoke which item? (* to show all) (? for menu, Esc to quit)
Zapping:
t - a wand of teleportation (3/9)
Press: ? - help, Shift-Dir - straight line, f - you You feel strangely unstable.
This wand has 2 charges left.
Frances hits you from afar with a trident!!
* * * LOW HITPOINT WARNING * * *
You block the orc warrior's attack.
Frances mutters a nigh-unspeakable word.
Frances screams a word of power!
The iron shot hits you!
You die...

# #.#.# #..
#.#####...##### #..#
#..............
#..######...........
#......>......######
#.........##..#.>...
#..#####..##..#.####
#..#####..##..#.#
#..@..........#.###
##.#####..##..†#..#
#.# ######..[..#
#.o@oo.............<#
####.##########.......
#o# #.###### #.. ...
### ####


You could see Frances, an orc warrior and an orc priest.

Vanquished Creatures
  A death knight (D:11)
  The ghost of newuser the Ducker, a novice DsBe of Trog (D:8)
  A skeletal warrior (D:10)
  An orc sorcerer (Orc:1)
  An ugly thing (D:11)
  A cyclops (Orc:1)
  2 gargoyles
  A freezing wraith (D:10)
  3 kobold demonologists (D:12)
  2 trolls
  A two-headed ogre (D:9)
  A hippogriff (D:11)
  A spriggan (D:9)
  2 wyverns
  A wraith (D:11)
  12 yaks
  A basilisk (D:10)
  2 hungry ghosts (D:10)
  Menkaure (D:5)
  A warg (Orc:1)
  2 porcupines (D:10)
  7 orc warriors
  A black bear (D:6)
  A necrophage (D:8)
  4 phantoms
  4 sky beasts
  6 ogres
  An ice beast (D:11)
  6 centaurs
  3 crocodiles (D:10)
  2 big kobolds
  Blork the orc (D:5)
  11 bullfrogs
  3 scorpions
  A water moccasin skeleton (D:8)
  10 killer bees
  6 howler monkeys
  6 crimson imps
  A bullfrog zombie (D:9)
  A quasit (D:10)
  3 hounds
  5 orc priests
  2 centaur skeletons
  A jelly (D:6)
  13 orc wizards
  A bullfrog skeleton (D:9)
  5 iguanas
  7 worker ants
  A howler monkey zombie (D:6)
  7 gnolls
  16 adders
  3 river rats (D:10)
  A shadow imp (D:9)
  4 worms
  3 dart slugs
  5 leopard geckos
  52 orcs
  3 giant cockroaches (D:1)
  8 goblins
  3 hobgoblins
  7 jackals
  5 quokkas
  5 ball pythons
  6 bats
  6 frilled lizards
  6 kobolds
  A leopard gecko skeleton (D:6)
  A leopard gecko zombie (D:6)
  7 rats
301 creatures vanquished.

Vanquished Creatures (others)
  A kobold (D:12)
  11 plants (D:10)
12 creatures vanquished.

Grand Total: 313 creatures vanquished

Notes
Turn   | Place    | Note
-------+----------+-------------------------------------------
     0 | D:1      | Ijustatesigmund the Minotaur Fighter began the quest for the Orb.
     0 | D:1      | Reached XP level 1. HP: 19/19 MP: 0/0
   274 | D:1      | Reached XP level 2. HP: 21/27 MP: 1/1
   893 | D:2      | Found Zin's Purification Station.
   896 | D:2      | Found a glowing silver altar of Zin.
   922 | D:2      | Reached XP level 3. HP: 34/34 MP: 2/2
  1375 | D:3      | Found a shadowy altar of Dithmenos.
  1626 | D:3      | Found a bloodstained altar of Trog.
  1668 | D:3      | HP: 1/35 [something (4)]
  1675 | D:3      | Reached skill level 5 in Fighting
  1675 | D:3      | Reached XP level 4. HP: 11/42 MP: 3/3
  2390 | D:3      | Reached XP level 5. HP: 47/48 MP: 4/4
  2427 | D:3      | Reached skill level 5 in Axes
  2727 | D:4      | Found a radiant altar of Vehumet.
  2785 | D:4      | Noticed a phantom
  2798 | D:4      | Noticed a phantom
  2805 | D:4      | Found a basalt altar of Yredelemnul.
  2837 | D:5      | Entered Level 5 of the Dungeon
  3192 | D:4      | Killed a phantom
  3192 | D:4      | Reached XP level 6. HP: 42/58 MP: 5/5
  3334 | D:4      | Found a staircase to the Ecumenical Temple.
  3352 | Temple   | Entered the Ecumenical Temple
  3698 | D:5      | Noticed Menkaure
  3702 | D:5      | Killed Menkaure
  3702 | D:5      | Reached XP level 7. HP: 43/66 MP: 6/6
  4003 | D:5      | Found an ancient bone altar of Kikubaaqudgha.
  4136 | D:5      | Reached skill level 5 in Armour
  4309 | D:5      | Noticed Blork the orc
  4317 | D:5      | Killed Blork the orc
  4332 | D:5      | Reached XP level 8. HP: 65/74 MP: 7/7
  4898 | D:7      | Got a crude granite ring
  5191 | D:7      | Found a bloodstained altar of Trog.
  5198 | D:7      | Found Afaaxkac's Antique Armour Boutique.
  5264 | D:7      | Reached XP level 9. HP: 84/84 MP: 8/8
  5944 | D:7      | Reached skill level 10 in Fighting
  6072 | D:8      | Noticed newuser's ghost (novice DsBe)
  6086 | D:8      | Killed newuser's ghost
  6086 | D:8      | Reached skill level 10 in Axes
  6169 | D:8      | Found a shimmering altar of Xom.
  6169 | D:8      | Found a shimmering altar of Xom.
  6173 | D:8      | Found a shimmering altar of Xom.
  6173 | D:8      | Found a shimmering altar of Xom.
  6174 | D:8      | Found a shimmering altar of Xom.
  6176 | D:8      | Found a shimmering altar of Xom.
  6176 | D:8      | Found a shimmering altar of Xom.
  6176 | D:8      | Found a shimmering altar of Xom.
  6186 | D:8      | Got a bloodstained chain mail
  6197 | D:8      | Identified the +6 chain mail of the Wasteland {rCorr Int+7 Dex-2} (You found it on level 8 of the Dungeon)
  6210 | D:8      | Found a shimmering altar of Xom.
  6517 | D:8      | Found a white marble altar of Elyvilon.
  6884 | D:8      | Noticed an elephant
  7473 | D:9      | Reached XP level 10. HP: 95/95 MP: 9/9
  7557 | D:9      | Identified the ring of Orghiw {rF+ rC+ SInv} (You found it on level 7 of the Dungeon)
  7720 | D:9      | Found an opulent altar of Gozag.
  7826 | D:9      | Found a blossoming altar of Fedhas.
  7836 | D:9      | Found a hide-covered altar of Uskayaw.
  7851 | D:9      | Reached skill level 1 in Dodging
  7966 | D:9      | Found a shattered altar of Ashenzari.
  8141 | D:10     | Entered Level 10 of the Dungeon
  8558 | D:10     | Found a staircase to the Lair.
  9008 | D:10     | Found a staircase to the Orcish Mines.
  9454 | D:10     | Reached skill level 5 in Dodging
  9466 | D:10     | Reached XP level 11. HP: 105/105 MP: 10/10
  9540 | Orc:1    | Entered Level 1 of the Orcish Mines
  9552 | Orc:1    | Noticed an orc sorcerer
  9560 | Orc:1    | Killed an orc sorcerer
  9841 | D:7      | Bought the +3 warlock's mirror {reflect} for 883 gold pieces
  9924 | D:8      | Noticed a great orb of eyes
  9977 | D:11     | Noticed a death knight
  9977 | D:11     | Noticed a skeletal warrior
 10001 | D:10     | Killed a skeletal warrior
 10001 | D:10     | Reached skill level 5 in Shields
 10227 | D:11     | Killed a death knight
 10230 | D:11     | Noticed a phantasmal warrior
 11027 | D:11     | Noticed a red ugly thing
 11038 | D:11     | Killed a red ugly thing
 11392 | Temple   | Became a worshipper of Cheibriados the Contemplative
 11924 | D:11     | Reached skill level 10 in Shields
 11930 | D:11     | Learned a level 2 spell: Repel Missiles
 12208 | D:12     | Reached skill level 1 in Air Magic
 12222 | D:12     | Noticed a soul eater
 12223 | D:12     | Reached skill level 1 in Charms
 12408 | D:12     | Noticed Frances
 12411 | D:12     | Killed from afar by Frances

Skill      XL: |  1  2  3  4  5  6  7  8  9 10 11 |
---------------+----------------------------------+-----
Fighting       | 4 5 6 7 8 9 11 12 | 12.7
Axes           | 3 4 6 7 9 10 12 | 12.5
Armour         | 4 5 7 9 |  9.6
Dodging        | 5 |  5.7
Shields        | 10 | 10.0
Air Magic      | 2 |  2.0
Charms         | 1 |  1.8

Action                   |  1- 3 |  4- 6 |  7- 9 | 10-12 || total
-------------------------+-------+-------+-------+-------++-------
Melee: War axe           |   109 |   142 |   287 |   412 ||   950
       Headbutt          |    14 |    25 |    56 |    94 ||   189
Throw: Javelin           |       |     2 |       |     1 ||     3
 Abil: Evoke Berserk Rag |       |       |       |     1 ||     1
Evoke: Wand              |       |       |       |     1 ||     1
  Use: Scroll            |     4 |     3 |     6 |    12 ||    25
       Potion            |     2 |     2 |     3 |     3 ||    10
  Eat: Chunk             |     2 |     7 |    12 |     9 ||    30
       Bread ration      |       |       |       |     2 ||     2
       Fruit             |       |       |       |     4 ||     4
       Beef jerky        |       |       |       |     3 ||     3
Armor: Scale mail        |    40 |    47 |       |       ||    87
       Chain mail        |       |       |    92 |   226 ||   318
Dodge: Dodged            |    39 |    42 |    48 |   132 ||   261
Block: Shield            |    57 |    60 |   125 |   102 ||   344
       Buckler           |       |       |       |    62 ||    62
       Reflection        |       |       |       |     5 ||     5
